[Event "I Magistral Barbera del Valles 2021"]
[Site "Barbera del Valles"]
[Date "2021.11.24"]
[Round "4.5"]
[White "Rios, Cristian Camilo"]
[Black "Hernandez, Cristian"]
[Result "1-0"]
[ECO "E32"]
[WhiteElo "2460"]
[BlackElo "2376"]
[Annotator "RC"]
[PlyCount "45"]
[EventDate "2021.11.20"]
[EventType "tourn"]
[EventCountry "ESP"]
[SourceTitle "playchess.com"]
[Source "ChessBase"]
[SourceQuality "1"]
[TimeControl "5400+30"]

1. d4 Nf6 2. c4 e6 3. Nc3 Bb4 4. Qc2 O-O 5. e4 d5 6. e5 Ne4 7. Bd3 c5 8. Nf3 cxd4 9. Nxd4 Nc5 10. Bxh7+ Kh8 11. Nf3 d4 12. Bg5 f6 13. O-O-O d3 14. Bxd3 fxg5 15. Bg6 Qe7 16. h4 g4 17. Ng5 Rf4 18. Ne2 Rxf2 19. Rhf1 g3 20. Rxf2 gxf2 21. Bf7 Bd2+ 22. Kxd2 Qd8+ 23. Ke3 1-0